 Dungeon Crawl Stone Soup version 0.27-a0-448-gace5c5693b (webtiles) character file.

Game seed: 7752234848785568985

37283 jasper the Covert (level 13, -11/56 HPs)
             Began as a Spriggan Enchanter on Feb 27, 2021.
             Was a High Priest of Vehumet.
             Mangled by a seven-headed hydra (14 damage)
             ... on level 5 of the Lair of Beasts on Feb 28, 2021.
             The game lasted 00:38:42 (19580 turns).

jasper the Covert (Spriggan Enchanter)             Turns: 19580, Time: 00:38:43

Health: -11/56     AC:  9    Str:  4    XL:     13   Next: 57%
Magic:  27/27      EV: 19    Int: 20    God:    Vehumet [*****.]
Gold:   894        SH:  7    Dex: 17    Spells: 4/30 levels left

rFire    . . .     SeeInvis +   C - +1 dagger (drain)
rCold    + + .     Faith    .   S - +0 buckler
rNeg     . . .     Spirit   .   w - +2 robe {rC+}
rPois    .         Reflect  .   (helmet restricted)
rElec    .         Harm     .   k - +0 cloak
rCorr    .         Rampage  .   (gloves unavailable)
Will     ++...                  (boots unavailable)
Stlth    +++.......             x - amulet of magic regeneration
HPRegen  0.18/turn              d - +4 ring of protection
MPRegen  0.45/turn              Q - ring of protection from cold

@: very slightly contaminated, invisible (expiring), slow
A: very small, unfitting armour, see invisible, speed 3
a: Renounce Religion


You were on level 5 of the Lair of Beasts.
You worshipped Vehumet.
Vehumet was extremely pleased with you.
You visited 2 branches of the dungeon, and saw 16 of its levels.

You collected 894 gold pieces.

Inventory:

Hand Weapons
 C - a +1 dagger of draining (weapon)
Missiles
 f - 505 stones
 m - 6 boomerangs
 r - 45 poisoned darts
 u - a throwing net
 y - a curare-tipped dart
Armour
 k - a +0 cloak (worn)
 w - a +2 robe of cold resistance (worn)
 S - a +0 buckler (worn)
Jewellery
 d - a +4 ring of protection (left hand)
 x - an amulet of magic regeneration (around neck)
 H - a +6 ring of strength
 J - a +6 ring of dexterity
 L - a ring of fire
 M - the ring of Omedic {+Fly rPois rC- rN+++ Slay-4}
   (You took it off a goblin on level 4 of the Dungeon)

   [ring of flight]

   It affects your accuracy and damage with ranged weapons and melee attacks
   (-4).
   It makes you vulnerable to cold.
   It protects you from poison.
   It renders you almost immune to negative energy.
   It lets you fly.
 Q - a ring of protection from cold (right hand)
 V - an amulet of guardian spirit
 X - an amulet of reflection
 Y - a ring of ice
 Z - an amulet of faith
Wands
 j - a wand of acid (9)
 B - a wand of iceblast (2)
 D - a wand of paralysis (27)
 F - a wand of digging (4)
 P - a wand of flame (18)
Scrolls
 g - 6 scrolls of magic mapping
 i - 2 scrolls of blinking
 n - 2 scrolls of fog
 t - 6 scrolls of teleportation
 E - a scroll of immolation
 G - 3 scrolls of amnesia
 I - a scroll of holy word
 N - 3 scrolls of vulnerability
Potions
 c - 5 potions of heal wounds
 e - 4 potions of curing
 h - 4 potions of attraction
 l - 2 potions of ambrosia
 o - 4 potions of flight
 q - a potion of haste
 s - a potion of magic
 z - 2 potions of cancellation
 A - 2 potions of degeneration
 O - 3 potions of brilliance
Miscellaneous
 W - a box of beasts


   Skills:
 - Level 1.1 Fighting
 - Level 11.0 Short Blades
 - Level 3.7 Dodging
 - Level 14.1 Stealth
 - Level 5.0 Shields
 - Level 9.0 Spellcasting
 - Level 5.0 Conjurations
 + Level 12.0 Hexes
 - Level 2.0 Translocations
 - Level 2.2 Ice Magic
 - Level 10.4 Earth Magic


You had 4 spell levels left.
You knew the following spells:

 Your Spells              Type           Power        Failure   Level
a - Corona                Hex            61%          1%          1
b - Ensorcelled Hibernat  Hex/Ice        74%          1%          2
c - Confusing Touch       Hex            55%          1%          3
d - Tukima's Dance        Hex            55%          1%          3
e - Sandblast             Erth           100%         1%          1
f - Stone Arrow           Conj/Erth      78%          1%          3
g - Apportation           Tloc           34%          3%          1
h - Invisibility          Hex            55%          10%         6
i - Eringya's Noxious Bo  Tmut/Pois      4%           95%         6

Your spell library contained the following spells:

 Spells                   Type           Power        Failure   Level
 Foxfire                  Conj/Fire      76%          1%          1
 Dazzling Flash           Conj/Hex       86%          1%          3
 Inner Flame              Hex/Fire       33%          1%          3
 Conjure Flame            Conj/Fire      19%          2%          3
 Sticky Flame             Conj/Fire      19%          9%          4
 Lesser Beckoning         Tloc           8%           12%         3
 Fireball                 Conj/Fire      9%           22%         5
 Alistair's Intoxication  Tmut/Pois      6%           94%         5


Dungeon Overview and Level Annotations

Branches:
Dungeon (11/15)            Temple (0/1) D:7            Lair (5/6) D:9
  Swamp (0/4) Lair:2        Snake (0/4) Lair:2          Orc (0/2) D:9
  Slime: Lair:5-6

Altars:
Cheibriados
Fedhas
Okawaru
Qazlal
Ru
Trog
Vehumet
Zin
The Shining One


Innate Abilities, Weirdness & Mutations

You are very small and have problems with some larger weapons.
You are too small for most types of armour.
You have supernaturally acute eyesight. (SInv)
You cover ground extremely quickly.


Message History

Aiming: Ensorcelled Hibernation (safe; 1% risk of failure)
Press: ? - help, Q - select action, (/) - cycle Shift-Dir - straight line, f - eight-headed hydra
Aim: an eight-headed hydra (chance to affect: 30%)
The eight-headed hydra looks drowsy...
Something bites the plant!
The plant begins to die.
You now have 25/27 mp.
The helpless eight-headed hydra fails to defend itself.
You stick the eight-headed hydra like a pincushion!!!!
You kill the eight-headed hydra!
Vehumet accepts your kill.
Your Hexes skill increases to level 12!
The dream sheep shake their wool and sparkle.
You feel drowsy...
You fall asleep.
The dream sheep bites you!
You wake up.
The seven-headed hydra bites the plant!
The plant begins to die.
The seven-headed hydra bites the plant.
The seven-headed hydra bites the plant! x2
The seven-headed hydra bites the plant.
The seven-headed hydra bites the plant!
The seven-headed hydra bites the plant.
The dream sheep splashes around in the water.
You take 17 damage, and have 33/56 hp.
MASSIVE DAMAGE!!
Unknown command.
You flicker for a moment.
The dream sheep bites you.
The seven-headed hydra bites the plant.
The seven-headed hydra bites the plant!!
The seven-headed hydra bites the plant. x2
The seven-headed hydra bites the plant!
The seven-headed hydra bites the plant.
The seven-headed hydra completely misses the plant.
You block the dream sheep's attack.
You take 4 damage, and have 29/56 hp.
MP restored: 27 A nearby plant withers and dies.
The dream sheep shake their wool and sparkle.
You feel drowsy...
You fall asleep.
The dream sheep bites the plant!
The plant begins to die.
A nearby plant withers and dies.
The seven-headed hydra bites you!!
You wake up.
* * * LOW HITPOINT WARNING * * *
The seven-headed hydra completely misses you.
The seven-headed hydra bites you!
You die...

...PP♣≈..≈#≈≈.≈PPP####
....≈P≈≈P≈≈..P≈♣≈≈P..P#
...#≈≈P≈≈≈#..P≈♣P≈....##
...≈#≈.♣≈≈†PPP♣♣P≈..#..#
..#.#.≈Y♣≈PPP≈♣≈..###..#
#.....≈.≈♣♣P♣≈≈≈≈####.##
.#..≈.P≈≈≈♣≈≈≈P≈.##...#
####DYP≈♣♣♣♣P≈..#.#...
#Y@≈≈≈≈≈≈PP.#..#..#
P........P≈≈≈PPP..PPP...
.P.......PP≈PPP.......##
....#....≈PP≈≈.#.PP..##
....###....≈≈....###.#
### ##..##.....†####
..#.#.....##
..P..#.#...# ...#..##.##


You could see a seven-headed hydra and 3 dream sheep.

Vanquished Creatures
  8 hydras
  A boulder beetle (Lair:4)
  Erica (D:9)
  A two-headed ogre (D:10)
  An unseen horror (D:10)
  An orc knight (D:10)
  A cyclops (D:11)
  Joseph (D:8)
  5 black mambas
  10 cane toads
  10 komodo dragons
  A kobold demonologist (D:11)
  A meliai (D:11)
  2 trolls (D:9)
  5 polar bears
  14 blink frogs
  3 dream sheep (Lair:5)
  A spriggan (Lair:3)
  Eustachio (D:4)
  48 yaks
  2 wyverns
  2 basilisks (Lair:1)
  A steam dragon (Lair:4)
  A soldier ant (D:9)
  8 water moccasins
  4 sky beasts
  7 black bears
  8 orc warriors
  2 ogres (D:10)
  5 ice beasts
  5 centaurs
  3 wolves
  2 phantoms
  3 kobold brigands
  Blork the orc (D:4)
  21 bullfrogs
  3 scorpions
  11 wights
  2 howler monkeys
  A lava snake (Lair:3)
  A quasit (D:10)
  3 orc priests
  Crazy Yiuf (D:2)
  2 bullfrog skeletons
  A centaur skeleton (D:10)
  5 hounds
  A jelly (D:10)
  A gnoll shaman (D:9)
  Natasha (twice) (D:2)
  Ijyb (D:4)
  5 iguanas
  15 worker ants
  22 orc wizards
  A hound zombie (D:8)
  Robin (D:4)
  10 gnolls
  20 adders
  A white imp (D:5)
  An ufetubus (D:8)
  An ooze (D:7)
  An adder zombie (D:10)
  2 adder skeletons
  2 worms
  5 leopard geckos
  44 orcs
  2 bats
  6 giant cockroaches
  15 goblins
  12 hobgoblins
  6 jackals
  24 kobolds
  3 quokkas
  2 ball pythons
  2 frilled lizards
  2 leopard gecko skeletons
  6 rats
  A butterfly (Lair:3)
438 creatures vanquished.

Vanquished Creatures (collateral kills)
  A wight (D:4)
1 creature vanquished.

Vanquished Creatures (others)
  A dancing weapon (D:4)
  16 fungi
  56 plants
73 creatures vanquished.

Grand Total: 512 creatures vanquished

Notes
Turn   | Place    | Note
-------+----------+-------------------------------------------
     0 | D:1      | jasper the Spriggan Enchanter began the quest for the Orb.
     0 | D:1      | Reached XP level 1. HP: 9/9 MP: 5/5
   532 | D:1      | Reached XP level 2. HP: 13/13 MP: 4/6
  1061 | D:1      | Learned a level 2 spell: Ensorcelled Hibernation
  1104 | D:2      | Noticed Natasha
  1408 | D:2      | Reached skill level 5 in Stealth
  1408 | D:2      | Reached XP level 3. HP: 16/16 MP: 5/8
  1412 | D:2      | Learned a level 3 spell: Confusing Touch
  1791 | D:2      | Reached skill level 1 in Ice Magic
  1813 | D:2      | Reached XP level 4. HP: 21/21 MP: 6/9
  1932 | D:2      | Found a runed translucent door.
  1933 | D:2      | Noticed Crazy Yiuf
  1981 | D:2      | Killed Crazy Yiuf
  2266 | D:2      | Killed Natasha
  2310 | D:2      | Noticed Natasha
  2381 | D:3      | Reached XP level 5. HP: 24/24 MP: 10/10
  2390 | D:3      | Learned a level 3 spell: Tukima's Dance
  2558 | D:3      | Reached skill level 6 in Stealth
  2697 | D:3      | Found a glowing silver altar of Zin.
  2772 | D:4      | Found a radiant altar of Vehumet.
  2823 | D:4      | Became a worshipper of Vehumet
  3015 | D:4      | Noticed Eustachio
  3042 | D:4      | Killed Eustachio
  3043 | D:4      | Reached skill level 5 in Hexes
  3043 | D:4      | Reached XP level 6. HP: 28/28 MP: 6/11
  3219 | D:4      | Noticed Blork the orc
  3248 | D:4      | Killed Blork the orc
  3249 | D:4      | Reached skill level 7 in Stealth
  3274 | D:4      | Reached XP level 7. HP: 32/32 MP: 3/12
  3278 | D:4      | Noticed Ijyb
  3330 | D:5      | Entered Level 5 of the Dungeon
  3573 | D:5      | Reached skill level 8 in Stealth
  4021 | D:5      | Reached skill level 5 in Short Blades
  4053 | D:5      | Reached * piety under Vehumet
  4053 | D:5      | Offered knowledge of Foxfire by Vehumet.
  4359 | D:5      | Reached skill level 9 in Stealth
  4359 | D:5      | Reached XP level 8. HP: 36/36 MP: 6/13
  4443 | D:5      | Found a bloodstained altar of Trog.
  4443 | D:5      | Found a snail-covered altar of Cheibriados.
  5472 | D:6      | Reached skill level 10 in Stealth
  5689 | D:6      | Offered knowledge of Sandblast by Vehumet.
  5692 | D:6      | Reached ** piety under Vehumet
  5696 | D:6      | Learned a level 1 spell: Sandblast
  6171 | D:7      | Reached skill level 1 in Earth Magic
  6470 | D:7      | Reached XP level 9. HP: 39/39 MP: 10/14
  6568 | D:7      | Found a staircase to the Ecumenical Temple.
  6671 | D:7      | Offered knowledge of Frozen Ramparts by Vehumet.
  6815 | D:7      | Reached skill level 11 in Stealth
  7057 | D:2      | Killed Natasha
  7184 | D:3      | Reached *** piety under Vehumet
  7579 | D:3      | Found a sacrificial altar of Ru.
  7805 | D:4      | Killed Ijyb
  7805 | D:4      | Offered knowledge of Stone Arrow by Vehumet.
  7806 | D:4      | Found a stormy altar of Qazlal.
  7812 | D:4      | Learned a level 3 spell: Stone Arrow
  7919 | D:4      | Found an iron altar of Okawaru.
  8049 | D:4      | Identified the ring of Omedic {+Fly rPois rC- rN+++ Slay-4}
  8072 | D:4      | Noticed Robin
  8083 | D:4      | Killed Robin
  8705 | D:8      | Found a blossoming altar of Fedhas.
  8743 | D:8      | Reached skill level 1 in Conjurations
  9140 | D:8      | Reached **** piety under Vehumet
  9204 | D:8      | Identified the +5 trident "Qiadd" {speed, rElec rF- Str+8
                  | Dex+3}
  9216 | D:8      | Offered knowledge of Fulminant Prism by Vehumet.
  9226 | D:8      | Noticed Joseph
  9238 | D:8      | Killed Joseph
  9317 | D:8      | Found a glowing golden altar of the Shining One.
  9492 | D:8      | Reached skill level 12 in Stealth
  9737 | D:9      | Reached XP level 10. HP: 44/44 MP: 13/15
  9965 | D:9      | Found a staircase to the Lair.
  9986 | D:9      | Found a staircase to the Orcish Mines.
 10118 | D:9      | Reached skill level 10 in Short Blades
 11034 | D:9      | Noticed Erica
 11055 | D:9      | Killed Erica
 11086 | D:9      | Noticed a queen ant
 11090 | D:9      | Reached skill level 13 in Stealth
 11157 | D:10     | Entered Level 10 of the Dungeon
 11157 | D:10     | Noticed a two-headed ogre
 11322 | D:10     | Killed a two-headed ogre
 11323 | D:10     | Reached skill level 5 in Earth Magic
 11342 | D:10     | Learned a level 1 spell: Apportation
 11398 | D:10     | Noticed an orc knight
 11404 | D:10     | Killed an orc knight
 11408 | D:10     | Reached ***** piety under Vehumet
 11411 | D:10     | Reached skill level 1 in Translocations
 11411 | D:10     | Reached XP level 11. HP: 28/48 MP: 12/16
 11668 | D:10     | Offered knowledge of Bolt of Magma by Vehumet.
 11669 | D:10     | Reached skill level 1 in Fighting
 12386 | D:10     | Noticed an unseen horror
 12390 | D:10     | Killed an unseen horror
 12547 | D:11     | Reached skill level 1 in Shields
 12582 | D:11     | Noticed a six-headed hydra
 12678 | D:11     | Noticed a seven-headed hydra
 12686 | D:11     | Killed a seven-headed hydra
 13037 | Lair:1   | Entered Level 1 of the Lair of Beasts
 13112 | Lair:1   | Reached skill level 14 in Stealth
 13424 | Lair:1   | Noticed a five-headed hydra
 13432 | Lair:1   | Killed a five-headed hydra
 13433 | Lair:1   | Reached skill level 5 in Spellcasting
 13542 | Lair:1   | Learned a level 6 spell: Invisibility
 13585 | Lair:1   | Reached XP level 12. HP: 42/53 MP: 19/21
 13677 | Lair:1   | Reached skill level 5 in Conjurations
 14183 | Lair:1   | Noticed a six-headed hydra
 14384 | Lair:1   | Killed a six-headed hydra
 14931 | Lair:2   | Found a staircase to the Snake Pit.
 15408 | Lair:2   | Found a staircase to the Swamp.
 15409 | Lair:2   | Noticed a four-headed hydra
 15428 | Lair:2   | Killed a four-headed hydra
 16580 | Lair:3   | Offered knowledge of Eringya's Noxious Bog by Vehumet.
 16588 | Lair:3   | Learned a level 6 spell: Eringya's Noxious Bog
 17206 | Lair:3   | Noticed a seven-headed hydra
 17217 | Lair:3   | Noticed an eight-headed hydra
 17232 | Lair:3   | Killed a seven-headed hydra
 17233 | Lair:3   | Reached skill level 10 in Hexes
 17233 | Lair:3   | Reached XP level 13. HP: 11/56 MP: 26/26
 17527 | Lair:3   | Reached skill level 10 in Earth Magic
 18365 | Lair:4   | Reached skill level 5 in Shields
 19580 | Lair:5   | Mangled by a seven-headed hydra

Illustrated notes

Levels and vault maps discovered:
D:1:      erik_arrival_triangle_medium, layout_loops_ring, chequers_big_river
D:2:      layout_basic, minmay_tromino_v4_a, uniq_natasha,
          uniq_crazy_yiuf_cottage
D:3:      layout_loops_ring, nicolae_overflow_crystal_walls,
          nicolae_overflow_hidden_temple, corexii_shack
D:4:      layout_loops_ring, nicolae_qazlal_general_emergency,
          lemuel_round_altar, okawaru_altar_gauntlet_db, uniq_ijyb,
          uniq_blork_the_orc, uniq_eustachio, uniq_robin
D:5:      layout_basic, gammafunk_temple_overflow_wave, wad_rectangle_vault
D:6:      layout_rooms
D:7:      minmay_flawed_box, layout_rooms, minmay_temple_entry_nine_rooms,
          kennysheep_generic_room_6
D:8:      layout_basic, nicolae_tso_swordbearing_angel, basic_altar,
          serial_bayou_pond_b, kennysheep_generic_room_8, uniq_joseph
D:9:      layout_grid_maze, lair_entry_dummy, david_orc_2, zaba_antful_of_joy,
          uniq_erica
D:10:     layout_stronghold
D:11:     layout_irregular_city, serial_shops, nicolae_shop_stone,
          grunt_ministairs_13, uniq_josephine
Lair:1:   layout_chaotic_city
Lair:2:   beast_lair_carwin_large_1, layout_long_grid, swamp_mist_pool,
          minmay_snake_entry_six_corridors, serial_bayou_shore_a,
          lemuel_fruit_fields, serial_bayou_shore_b
Lair:3:   layout_gridlike, forest_entry_grove, lemuel_fruit_fields
Lair:4:   layout_loops_ring, grunt_megastairs_5
Lair:5:   layout_loops_ring, nicolae_slime_entry_slimehenge,
          serial_bayou_lagoon_a, cheibrodos_lair_lostbears

Skill      XL: |  1  2  3  4  5  6  7  8  9 10 11 12 13 |
---------------+----------------------------------------+-----
Spellcasting   | 3 5 8 9 |  9.0
Hexes          | 4 5 7 8 10 12 | 12.0
Stealth        | 5 6 7 9 10 12 13 14 | 14.1
Short Blades   | 2 3 4 5 7 9 11 | 11.0
Ice Magic      | 1 2 |  2.2
Earth Magic    | 1 3 5 7 9 10 | 10.4
Conjurations   | 2 3 4 5 |  5.0
Dodging        | 3 |  3.7
Translocations | 1 2 |  2.0
Fighting       | 1 |  1.1
Shields        | 2 4 5 |  5.0

Action                   |  1- 3 |  4- 6 |  7- 9 | 10-12 | 13-15 || total
-------------------------+-------+-------+-------+-------+-------++-------
Melee: Dagger            |    84 |    38 |   381 |   287 |    77 ||   867
 Cast: Corona            |    10 |       |       |       |       ||    10
       Ensorcelled Hiber |    19 |    25 |   136 |   229 |    81 ||   490
       Tukima's Dance    |       |     5 |     2 |     4 |       ||    11
       Confusing Touch   |       |     1 |    13 |    12 |     1 ||    27
       Sandblast         |       |       |       |     2 |       ||     2
       Stone Arrow       |       |       |       |     3 |       ||     3
       Invisibility      |       |       |       |       |     1 ||     1
Evoke: Wand              |       |     1 |     9 |    15 |       ||    25
  Use: Scroll            |       |       |    13 |     6 |     4 ||    23
       Potion            |       |       |     4 |     1 |       ||     5
 Stab: Sleeping          |    18 |    19 |    92 |   145 |    49 ||   323
       Confused          |       |     1 |    13 |    13 |     1 ||    28
       Invisible         |       |       |       |       |     3 ||     3
Armor: Robe              |    13 |     2 |    61 |    43 |    11 ||   130
       Skin              |       |       |     4 |       |       ||     4
Dodge: Dodged            |    71 |    23 |   263 |   238 |    63 ||   658
Block: Buckler           |       |       |       |       |    19 ||    19

Table legend: (Time is in decaauts)
 A = Elapsed time spent in this place.
 B = Non-inter-level travel time spent in this place.
 C = Inter-level travel time spent in this place.
 D = Time resting spent in this place.
 E = Time spent auto-exploring this place.
 F = Levels seen in this place.
 G = Mean time per level.
                   A        B        C        D        E       F      G
               +--------+--------+--------+--------+--------+-----+--------+
         Total |  15224 |  14802 |    422 |   2895 |   9187 |  16 |  951.5 |
       Dungeon |  10244 |   9929 |    315 |   2344 |   5700 |  11 |  931.3 |
          Lair |   4979 |   4873 |    106 |    551 |   3487 |   5 |  995.8 |
               +--------+--------+--------+--------+--------+-----+--------+

Top non-repeatable levels by time:
     D:9: 1609 daAuts
  Lair:2: 1565 daAuts
     D:5: 1539 daAuts
  Lair:1: 1179 daAuts
    D:10: 1061 daAuts
  Lair:4: 1049 daAuts
  Lair:3: 1041 daAuts
     D:1: 1036 daAuts
     D:4: 967 daAuts
     D:8: 958 daAuts
     D:2: 784 daAuts
     D:7: 761 daAuts
     D:6: 686 daAuts
     D:3: 674 daAuts
    D:11: 165 daAuts
